 Dungeon Crawl Stone Soup version 0.20-a0-623-g0431c14 (webtiles) character file.

5950 shpingle the Basher (level 11, 53/74 HPs)
             Began as a Formicid Artificer on Feb 10, 2017.
             Was a Follower of Ieoh Jian.
             Starved to death
             ... on level 14 of the Dungeon.
             The game lasted 01:32:25 (12413 turns).

shpingle the Basher (Formicid Artificer)           Turns: 12413, Time: 01:32:26

Health: 53/74      AC: 18    Str: 18    XL:     11   Next: 9%
Magic:  14/14      EV: 14    Int: 11    God:    Ieoh Jian [*.....]
Gold:   363        SH:  0    Dex: 13    Spells: 10/10 levels left

rFire    . . .     SeeInvis +   W - +0 flail (protect)
rCold    . . .     Gourm    .   R - +4 ring mail
rNeg     . . .     Faith    .   (no shield)
rPois    .         Spirit   .   (helmet unavailable)
rElec    .         Reflect  .   H - +0 cloak
rCorr    .         Harm     .   u - +2 pair of gloves
MR       +....                  (no boots)
Stlth    ++........             (no amulet)
Regen    0.3/turn               (no ring)
                                (no ring)

@: corroded, protection aura, fainting
A: permanent stasis, dig shafts and tunnels, four strong arms, antennae 3,
camouflage 1, frail 1, evolution 1, sturdy frame 1
a: Dig, Shaft Self, Renounce Religion


You were on level 14 of the Dungeon.
You worshipped Ieoh Jian.
Ieoh Jian was aware of your devotion.
You were fainting.

You visited 2 branches of the dungeon, and saw 13 of its levels.

You collected 363 gold pieces.

Inventory:

Hand Weapons
 a - a +2 mace of venom
 b - a +0 quarterstaff
 S - a +5 war axe of venom
 W - a +0 flail of protection (weapon)
 X - a +1 mace of draining
 Z - a +1 battleaxe of venom
Missiles
 o - 206 stones
 w - 2 tomahawks (quivered)
Armour
 u - a +2 pair of gloves (worn)
 H - a +0 cloak (worn)
 O - a +0 plate armour
 R - a +4 ring mail (worn)
 Y - the +2 leather armour "Siazai" {rC+ rN+}
   (You found it on level 6 of the Dungeon)

   It protects you from cold.
   It protects you from negative energy.
Wands
 c - a wand of flame (0/48)
 d - a wand of enslavement (0/24)
 e - a wand of random effects (5/48)
Scrolls
 k - a scroll of amnesia
 m - 4 scrolls of remove curse
Potions
 n - 2 potions of flight
 q - a potion of mutation
 P - a potion of curing


   Skills:
 - Level 6.8 Fighting
   Level 1.5 Short Blades
 * Level 10.0 Maces & Flails
 + Level 2.4 Throwing
 - Level 8.7 Armour
 + Level 5.1 Dodging
 - Level 2.1 Stealth
 - Level 5.0 Evocations


You had 10 spell levels left.
You didn't know any spells.

Dungeon Overview and Level Annotations

Branches:
Dungeon (15/15)            Temple (1/1) D:5            Lair (0/6) D:9
    Orc: D:9-12      Vaults: D:13-14     Depths: D:15

Altars:
Ashenzari
Cheibriados
Dithmenos
Elyvilon
Hepliaklqana Ieoh Jian
Kikubaaqudgha
Makhleb
Nemelex Xobeh
Okawaru
Qazlal
Ru
Sif Muna
Trog
Uskayaw
Vehumet
Xom
Yredelemnul
The Shining One

Annotations:
D:2 1 runed door, exclusions: door and downstairs
D:14 Josephine


Innate Abilities, Weirdness & Mutations

You cannot be hasted, slowed, berserked, paralysed or teleported.
You can dig through walls and to a lower floor.
Your four strong arms can wield two-handed weapons with a shield.
You have a pair of large antennae on your head. (SInv)
Your skin changes colour to match your surroundings (Stealth+).
You are frail. (-10% HP)
You evolve.
Your movements are slightly less encumbered by armour. (ER -2)


Message History

The brown ugly thing is heavily wounded.
The brown ugly thing barely misses you.
You closely miss the brown ugly thing.
The brown ugly thing is heavily wounded.
The brown ugly thing stings you but does no damage.
You hit the brown ugly thing but do no damage.
The brown ugly thing is heavily wounded.
The brown ugly thing stings you but does no damage.
You barely miss the brown ugly thing.
The brown ugly thing is heavily wounded.
The brown ugly thing stings you but does no damage.
You sock the brown ugly thing!
The brown ugly thing is severely wounded.
The brown ugly thing closely misses you.
You hit the brown ugly thing.
The brown ugly thing is severely wounded.
You hit the brown ugly thing but do no damage.
The brown ugly thing is severely wounded.
You have starved to death.
You die...

..█.█ █..█ █.█
Z██k█████.██ █.█ .
█...█ █..█ █.█ █ ███.█
██.█ █.█
█.████.████.█████.████
█....█................
████.█(.███.█████.████
██.█..█ █..█ █.█
█..@u.█ ██.██ █.█
█████.████..███.█
█.....{...[.█
███████u███.█ █..█ .█
██.█ { ... █.u.. ...██


You could see a brown ugly thing.

Vanquished Creatures
  A two-headed ogre (D:7)
  An unseen horror (D:15)
  A rime drake (shapeshifter) (D:14)
  3 wraiths (D:14)
  A hungry ghost (D:14)
  The ghost of dpeg the Sneak, an amateur OpAs of Ieoh Jian (D:3)
  Edmund (D:6)
  A water moccasin (D:5)
  An ice beast (D:5)
  2 phantoms (D:5)
  2 orc warriors
  2 necrophages (D:6)
  3 ogres
  2 centaurs
  A big kobold (D:14)
  9 bullfrogs
  2 gnoll sergeants
  A scorpion (D:4)
  2 killer bees (D:8)
  4 crimson imps
  A bullfrog zombie (D:6)
  3 jellies
  A hound (D:6)
  5 orc wizards
  2 bullfrog skeletons
  An orc priest (D:6)
  Jessica (D:3)
  4 iguanas
  4 worker ants
  Natasha (thrice) (D:2)
  2 hell rats (D:12)
  Robin (D:3)
  7 adders
  9 gnolls
  A shadow imp (D:6)
  An ooze (D:2)
  An adder zombie (D:6)
  3 adder skeletons
  6 worms
  3 dart slugs
  28 orcs
  5 giant cockroaches
  16 goblins
  8 hobgoblins
  6 jackals (D:2)
  3 quokkas
  3 ball pythons
  8 bats
  8 frilled lizards
  14 kobolds
  2 quokka skeletons
  10 rats
211 creatures vanquished.

Vanquished Creatures (collateral kills)
  2 rust devils (D:6)
  An orc warrior (D:6)
  A howler monkey (D:6)
  A bullfrog (D:6)
  An adder (D:6)
6 creatures vanquished.

Vanquished Creatures (others)
  4 killer bees (D:8)
  An orc (D:3)
  3 plants (D:12)
8 creatures vanquished.

Grand Total: 225 creatures vanquished

Notes
Turn   | Place    | Note
-------+----------+-------------------------------------------
     0 | D:1      | shpingle the Formicid Artificer began the quest for the Orb.
     0 | D:1      | Reached XP level 1. HP: 15/15 MP: 3/3
   187 | D:1      | Reached XP level 2. HP: 14/21 MP: 4/4
   574 | D:1      | Reached XP level 3. HP: 20/27 MP: 5/5
  1640 | D:2      | Reached skill level 1 in Maces & Flails
  1755 | D:2      | Found a radiant altar of Vehumet.
  1920 | D:2      | Noticed Natasha
  1922 | D:2      | Killed Natasha
  1922 | D:2      | Reached XP level 4. HP: 33/33 MP: 6/6
  2327 | D:2      | Noticed Natasha
  2332 | D:2      | Killed Natasha
  2332 | D:2      | Reached skill level 2 in Maces & Flails
  2332 | D:2      | Reached XP level 5. HP: 38/38 MP: 6/8
  2440 | D:2      | Found a runed door.
  2610 | D:2      | Noticed Natasha
  2626 | D:2      | Killed Natasha
  2802 | D:2      | Found a radiant altar of Vehumet.
  3207 | D:3      | Noticed Jessica
  3436 | D:3      | Reached skill level 3 in Armour
  3503 | D:3      | Reached XP level 6. HP: 44/44 MP: 9/9
  3763 | D:3      | Killed Jessica
  3809 | D:3      | Noticed dpeg's ghost (amateur OpAs)
  3816 | D:3      | Killed dpeg's ghost
  3816 | D:3      | Reached skill level 3 in Maces & Flails
  3826 | D:3      | Found a white marble altar of Elyvilon.
  3837 | D:3      | Became a worshipper of Elyvilon the Healer
  3909 | D:3      | Reached XP level 7. HP: 46/49 MP: 10/10
  3960 | D:3      | Noticed Robin
  3977 | D:3      | Killed Robin
  5199 | D:4      | Reached skill level 4 in Maces & Flails
  5274 | D:4      | You fall through a shaft for 2 floors!
  5491 | D:6      | Found a basalt altar of Yredelemnul.
  5707 | D:6      | Found a sparkling altar of Nemelex Xobeh.
  5761 | D:6      | Found a bloodstained altar of Trog.
  5773 | D:6      | Found an iron altar of Okawaru.
  5790 | D:6      | Reached XP level 8. HP: 33/56 MP: 11/11
  5804 | D:6      | Found a deep blue altar of Sif Muna.
  5834 | D:6      | Reached skill level 5 in Maces & Flails
  5850 | D:5      | Entered Level 5 of the Dungeon
  6127 | D:5      | Reached * piety under Elyvilon
  6137 | D:5      | Reached skill level 3 in Fighting
  6308 | D:5      | Reached skill level 6 in Armour
  6643 | D:5      | Found a staircase to the Ecumenical Temple.
  6655 | Temple   | Entered the Ecumenical Temple
  7403 | D:5      | Reached skill level 6 in Maces & Flails
  7492 | D:5      | Reached XP level 9. HP: 50/64 MP: 12/12
  8088 | D:5      | Reached ** piety under Elyvilon
  8478 | D:5      | Reached skill level 7 in Maces & Flails
  9138 | D:6      | Reached skill level 3 in Dodging
  9529 | D:6      | Noticed Edmund
  9547 | D:6      | Killed Edmund
  9825 | D:6      | Got a spiked leather armour
  9826 | D:6      | Identified the +2 leather armour "Siazai" {rC+ rN+} (You found it on level 6 of the Dungeon)
  9986 | D:6      | Found an ornate altar of the Ieoh Jian Council.
  9987 | D:6      | Found a sacrificial altar of Ru.
  9991 | D:6      | Fell from the grace of Elyvilon
  9991 | D:6      | Became a worshipper of the Ieoh Jian Council
 10165 | D:7      | Found a hazy altar of Hepliaklqana.
 10269 | D:7      | Reached skill level 8 in Maces & Flails
 10269 | D:7      | Reached XP level 10. HP: 23/73 MP: 13/13
 10577 | D:7      | Found a shadowy altar of Dithmenos.
 10738 | D:7      | Noticed a two-headed ogre
 10751 | D:7      | Killed a two-headed ogre
 10751 | D:7      | Reached skill level 6 in Fighting
 11031 | D:6      | Noticed a rust devil
 11031 | D:6      | Noticed a rust devil
 11040 | D:6      | Killed a rust devil
 11042 | D:6      | Killed a rust devil
 11058 | D:6      | Reached skill level 9 in Maces & Flails
 11387 | D:8      | Reached * piety under Ieoh Jian
 11415 | D:8      | You fall through a shaft!
 11415 | D:9      | Found a staircase to the Lair.
 11415 | D:9      | Noticed a komodo dragon
 11419 | D:9      | You fall through a shaft for 3 floors!
 11427 | D:12     | Noticed a two-headed ogre
 11551 | D:12     | Noticed a manticore
 11557 | D:12     | You fall through a shaft for 3 floors!
 11557 | D:15     | Entered Level 15 of the Dungeon
 11828 | D:15     | Noticed an unseen horror
 11892 | D:15     | Killed an unseen horror
 12207 | D:14     | Gained mutation: Your movements are slightly less encumbered by armour. (ER -2) [potion of mutation]
 12207 | D:14     | Gained mutation: Your skin changes colour to match your surroundings (Stealth+). [potion of mutation]
 12238 | D:14     | Reached XP level 11. HP: 74/83 MP: 14/14
 12240 | D:14     | Noticed Josephine
 12357 | D:14     | Reached skill level 10 in Maces & Flails
 12358 | D:14     | Paralysed by fainting for 6 turns
 12365 | D:14     | Gained mutation: You evolve. [mutagenic meat]
 12366 | D:14     | Gained mutation: You are frail. (-10% HP) [mutagenic meat]
 12377 | D:14     | Noticed a brown ugly thing
 12378 | D:14     | Noticed a brown ugly thing
 12413 | D:14     | Starved to death

Vault maps used:
D:1:      doesnt_arrival_eight_statues
D:2:      nicolae_overflow_hidden_temple, minmay_misc_feat_ornament,
          uniq_natasha, uniq_crazy_yiuf_cottage
D:3:      elyvilon_altar_4, first_bread, uniq_jessica, uniq_robin
D:4:      serial_glass, glass_columns_b, glass_columns_a
D:5:      minmay_temple_entry_poolview, minivault_1
D:6:      cheibrodos_iron_armory, grunt_temple_overflow_cloverleaf,
          kennysheep_mini_moat, gammafunk_temple_overflow_statue, uniq_edmund
D:7:      lemuel_round_altar, basic_altar
D:8:      basic_altar, david_nohive_1, nicolae_tso_swordbearing_angel,
          uniq_gastronok, uniq_prince_ribbit1
D:9:      old_standard_altar, kennysheep_little_box, kennysheep_mini,
          david_lair_shrubbed, grunt_decor_resistance
D:12:     wad_woods_tower, serial_shops, shop, serial_ice, serial_ice_l,
          serial_ice_m, serial_ice_n, serial_ice_f, portal_ice_cave_entry_imps,
          uniq_rupert
D:14:     hangedman_vaults_entry_quadrant_bands, minmay_crystal_water,
          uniq_louise, uniq_sonja, uniq_josephine
D:15:     grunt_enter_depths_hoard, evilmike_ruin_ashenzari
Temple:   compressed_dpeg_triangle_lava_temple

Skill      XL: |  1  2  3  4  5  6  7  8  9 10 11 |
---------------+----------------------------------+-----
Stealth        | 2 |  2.1
Armour         | 1 2 3 4 5 6 7 8 |  8.7
Maces & Flails | 1 2 3 4 6 8 9 10 | 10.0
Evocations     | 4 5 |  5.0
Fighting       | 2 4 5 6 |  6.8
Dodging        | 3 5 |  5.1
Throwing       | 2 |  2.4
Short Blades   | |  1.5

Action                   |  1- 3 |  4- 6 |  7- 9 | 10-12 || total
-------------------------+-------+-------+-------+-------++-------
Melee: Short sword       |    87 |       |       |       ||    87
       Mace              |    49 |   126 |   400 |       ||   575
       Flail             |       |       |    71 |   313 ||   384
Throw: Stone             |    14 |    16 |   115 |    29 ||   174
       Tomahawk          |       |     8 |    49 |    18 ||    75
       Throwing net      |       |       |     1 |       ||     1
Invok: Lesser Healing    |       |       |     4 |       ||     4
 Abil: Dig               |     1 |     1 |     9 |     6 ||    17
       Shaft Self        |       |       |     1 |     3 ||     4
Evoke: Wand              |     3 |    14 |     9 |    14 ||    40
  Use: Scroll            |       |     3 |    12 |     3 ||    18
       Potion            |       |     1 |     3 |     6 ||    10
 Stab: Sleeping          |     4 |       |     1 |       ||     5
  Eat: Chunk             |     1 |     5 |    17 |     4 ||    27
       Royal jelly       |     1 |     1 |     2 |       ||     4
       Fruit             |       |       |       |     4 ||     4
       Bread ration      |       |       |       |     2 ||     2
Armor: Leather armour    |     9 |       |       |       ||     9
       Scale mail        |    38 |    64 |    24 |       ||   126
       Ring mail         |       |       |   115 |   140 ||   255
       Plate armour      |       |       |    50 |    22 ||    72
Dodge: Dodged            |    75 |    53 |   207 |   168 ||   503
